Map: Dusty Gorge

Players

MScottson

  • Race: Terran Terran
  • Spawn Location: 3:00

Trollossus

  • Race: Protoss Protoss
  • Spawn Location: 5:00

Adversity - Winner!

  • Race: Terran Terran
  • Spawn Location: 9:00

swapninja - Winner!

  • Race: Protoss Protoss
  • Spawn Location: 11:00

VOD

Have the link to the VOD?

Description

Time

  • Played on: Sept. 2, 2018, 8:28 a.m.
  • Length: 7:07
Show
View Real Time Build Order
Export as new Build Order

MScottson Terran 

Build Orders: Cyclone Opening 

Get SALT Encoding   

  12  0:01  SCV  
  13  0:13  SCV  
  14  0:18  Supply Depot  
  14  0:25  SCV  
  15  0:36  Refinery  
  15  0:39  SCV  
  16  0:52  Barracks, SCV  
  17  1:04  Refinery, SCV  
  18  1:16  SCV  
  19  1:41  Factory  
  19  1:43  Orbital Command  
  19  1:44  Barracks Reactor  
  19  1:58  Supply Depot  
  19  2:09  SCV  
  20  2:21  SCV  
  21  2:35  Cyclone x2  
  27  2:38  Reaper  
  27  2:41  SCV  
  26  3:00  SCV  
  27  3:14  Command Center  
  27  3:17  SCV  
  28  3:22  Cyclone  
  31  3:29  SCV  
  32  3:36  Cyclone  
  35  3:44  Supply Depot  
  35  3:47  SCV  
  36  3:59  SCV  
  37  4:12  Cyclone  
  37  4:13  Cyclone  
  43  4:20  Supply Depot  
  43  4:23  SCV  
  44  4:30  SCV  
  45  4:34  Refinery  
  45  4:36  SCV  
  46  4:45  Factory  
  46  4:54  SCV x2  
  47  5:10  SCV x2  
  48  5:31  Cyclone x3  
  47  5:47  SCV  
  48  6:02  SCV  
  15  6:54  SCV  
Show
View Real Time Build Order
Export as new Build Order

Trollossus Protoss 

Build Orders:  

Get SALT Encoding   

  12  0:01  Probe  
  13  0:14  Probe, Pylon  
  14  0:22  Probe  
  15  0:32  Probe  
  16  0:41  Gateway  
  16  0:44  Probe  
  17  0:57  Probe  
  18  1:05  Assimilator  
  18  1:07  Assimilator  
  18  1:10  Probe  
  19  1:22  Gateway, Probe  
  20  1:29  Cybernetics Core  
  20  1:34  Probe  
  21  1:46  Pylon  
  21  1:47  Probe  
  22  1:58  Adept  
  22  1:59  Probe  
  22  2:01  Adept  
  25  2:12  Warp Gate  
  26  2:23  Probe  
  27  2:30  Pylon  
  27  3:17  Probe  
  27  3:19  Stargate  
  28  3:27  Nexus, Pylon  
  28  3:29  Probe, Pylon  
  28  3:31  Assimilator  
  28  3:34  Adept  
  31  3:35  Adept  
  33  3:42  Probe  
  33  3:46  Shield Battery  
  34  4:05  Phoenix  
  34  4:13  Probe  
  37  4:17  Stargate  
  37  4:23  Forge  
  37  4:25  Probe  
  38  4:37  Probe  
  39  4:42  Phoenix  
  23  5:02  Phoenix  
  15  5:07  Phoenix  
  15  5:08  Probe  
  20  5:20  Probe  
  21  5:22  Phoenix  
  21  5:39  Probe  
  22  5:51  Probe  
  23  6:01  Phoenix  
  21  6:54  Probe  
  21  6:55  Probe  
Show
View Real Time Build Order
Export as new Build Order

Adversity Terran - Winner!

Build Orders:  

Get SALT Encoding   

  12  0:01  SCV  
  13  0:14  SCV  
  14  0:19  Supply Depot  
  14  0:26  SCV  
  15  0:31  Refinery  
  15  0:41  SCV  
  16  0:50  Barracks  
  17  0:57  SCV  
  17  1:08  Barracks  
  17  1:20  Barracks  
  17  1:25  SCV  
  18  1:38  Reaper  
  19  1:42  Orbital Command  
  19  1:50  Refinery  
  19  1:56  Reaper  
  20  2:03  Supply Depot  
  20  2:08  Reaper  
  21  2:11  Reaper  
  22  2:20  SCV  
  23  2:28  Reaper  
  23  2:29  Supply Depot  
  24  2:33  SCV  
  25  2:41  Reaper  
  26  2:46  Reaper  
  27  3:01  SCV  
  28  3:10  Reaper  
  29  3:16  Command Center  
  29  3:18  Reaper, SCV  
  29  3:19  Reaper  
  32  3:26  Bunker  
  32  3:40  SCV  
  33  3:44  Reaper  
  34  4:02  Barracks  
  36  4:03  Barracks  
  35  4:12  SCV  
  35  4:16  Barracks Reactor, Barracks Tech Lab  
  34  4:20  Factory  
  34  4:22  Marine  
  35  4:32  Orbital Command  
  35  4:33  SCV  
  35  4:58  Marine x4  
  35  4:59  Marine x2  
  40  5:08  Factory Reactor, Starport  
  40  5:10  SCV  
  40  5:11  SCV  
  42  5:16  Marine  
  42  5:17  Marine x2  
  42  5:18  Marine  
  42  5:19  Marine x2  
  48  5:24  SCV  
  48  5:27  SCV  
  48  5:43  Marine  
  48  5:44  Marine  
  48  5:48  Supply Depot  
  48  5:49  SCV  
  51  5:50  Supply Depot  
  51  5:55  Barracks Reactor x2  
  51  5:56  Barracks Tech Lab  
  51  6:00  SCV  
  51  6:01  SCV  
  51  6:03  Engineering Bay  
  53  6:05  Engineering Bay  
  53  6:10  Medivac x2  
  53  6:26  Marauder x2  
  53  6:27  Marine  
  53  6:28  Marine  
  55  6:45  Marine  
  41  6:55  SCV  
  41  6:56  Missile Turret  
Show
View Real Time Build Order
Export as new Build Order

swapninja Protoss - Winner!

Build Orders: Phoenix Opening 

Get SALT Encoding   

  12  0:01  Probe  
  13  0:15  Pylon  
  13  0:17  Probe  
  14  0:25  Probe  
  14  0:35  Probe  
  15  0:41  Gateway  
  16  0:47  Probe  
  17  0:58  Probe  
  17  1:03  Assimilator  
  18  1:06  Probe  
  18  1:07  Assimilator  
  19  1:14  Probe  
  19  1:22  Pylon  
  19  1:25  Probe  
  20  1:31  Cybernetics Core  
  21  1:40  Probe  
  22  1:48  Forge  
  22  1:53  Probe  
  23  2:06  Pylon  
  23  2:10  Stargate  
  23  2:20  Stalker  
  24  2:24  Warp Gate  
  24  2:26  Probe  
  25  2:36  Pylon  
  25  2:46  Phoenix  
  25  2:50  Stalker  
  30  3:05  Photon Cannon, Phoenix  
  31  3:15  Probe  
  32  3:24  Phoenix  
  32  3:27  Probe  
  35  3:40  Probe  
  36  3:49  Phoenix  
  38  4:06  Nexus  
  38  4:07  Phoenix  
  40  4:17  Probe  
  41  4:30  Phoenix  
  41  4:32  Probe  
  44  5:02  Phoenix  
  46  5:14  Assimilator  
  46  5:18  Assimilator  
  46  5:19  Fleet Beacon  
  46  5:22  Pylon  
  46  5:45  Probe  
  46  5:47  Stargate  
  47  5:53  Probe  
  43  6:02  Phoenix  
  43  6:03  Probe x2  
  48  6:13  Pylon  
  48  6:15  Probe x2  
  50  6:23  Stalker  
  52  7:01  Photon Cannon  
  52  7:05  Photon Cannon  
Tags
 
Add a new tag
Caveats
  • Supply blocks, unpowered buildings, or Contaminate may cause inaccurate times.
  • Supply counts are checked every 10 seconds.